 Dungeon Sprint DCSS version 0.28.0-53-g5a82cb258f (webtiles) character file.

Game seed: 9075100207234967924

33400000 Groucho the Intangible (level 27, 22/273 HPs)
             Began as a Ghoul Brigand on July 19, 2022.
             Was the Champion of Makhleb.
             Escaped with the Orb!
             The game lasted 00:12:24 (167 turns).

Groucho the Intangible (Ghoul Brigand)               Turns: 167, Time: 00:12:25

Health: 22/273     AC:  6    Str: 19    XL:     27
Magic:  51/53      EV: 32    Int:  6    God:    Makhleb [******]
Gold:   0          SH:  0    Dex: 20    Spells: 80/80 levels left

rFire   . . .      SeeInvis .   k - +∞ Axe of Woe
rCold   + . .      Faith    .   (shield currently unavailable)
rNeg    + + +      Spirit   .   b - +0 robe
rPois   ∞          Reflect  .   (no helmet)
rElec   .          Harm     .   c - +0 cloak
rCorr   .          Rampage  .   (no gloves)
Will    ++...      NoTele   +   (no boots)
Stlth   ++++......              (no amulet)
HPRegen 0.00/turn               l - +30 ring of slaying
MPRegen 0.33/turn               (no ring)

@: inhibited regen, hasted and slowed
A: claws 1, cold resistance 1, negative energy resistance 3, inhibited
regeneration, torment resistance 2
0: Orb of Zot
a: Renounce Religion, Minor Destruction, Lesser Servant of Makhleb, Major
Destruction, Greater Servant of Makhleb


You escaped.
You worshipped Makhleb.
Makhleb was exalted by your worship.
You visited 1 branch

Inventory:

Hand Weapons
 a - a +2 dagger
 k - the +∞ Axe of Woe (weapon)
   (You found it in the Dungeon)
Missiles
 d - 8 poisoned darts (quivered)
 e - 2 curare-tipped darts
Armour
 b - a +0 robe (worn)
 c - a +0 cloak (worn)
Jewellery
 l - a +30 ring of slaying (left claw)
Scrolls
 j - a scroll of blinking
Potions
 f - a potion of curing
 i - 2 potions of magic


   Skills:
 O Level 27 Fighting
 O Level 27 Short Blades
 O Level 27 Long Blades
 O Level 27 Axes
 O Level 27 Maces & Flails
 O Level 27 Polearms
 O Level 27 Staves
 O Level 27 Slings
 O Level 27 Bows
 O Level 27 Crossbows
 O Level 27 Throwing
 O Level 27 Armour
 O Level 27 Dodging
 O Level 27 Stealth
 O Level 27 Shields
 O Level 27 Unarmed Combat
 O Level 27 Spellcasting
 O Level 27 Conjurations
 O Level 27 Hexes
 O Level 27 Summonings
 O Level 27 Necromancy
 O Level 27 Translocations
 O Level 27 Transmutations
 O Level 27 Fire Magic
 O Level 27 Ice Magic
 O Level 27 Air Magic
 O Level 27 Earth Magic
 O Level 27 Poison Magic
 O Level 27 Invocations
 O Level 27 Evocations


You had 80 spell levels left.
You didn't know any spells.
Your spell library was empty.

Dungeon Overview and Level Annotations

Branches:
Dungeon (1/1)

Altars:
Makhleb

Annotations:
D The Servant


Innate Abilities, Weirdness & Mutations

You thrive by killing the living.
You are immune to poison.
You have sharp fingernails.
Your flesh is cold resistant. (rC+)
You are immune to negative energy. (rN+++)
You do not regenerate when monsters are visible.
You are immune to unholy pain and torment.


Message History

You destroy the destroyer!
Makhleb accepts your kill.
You carve the destroyer like a ham!!!
You fatally mangle the destroyer.
You destroy the destroyer!
Makhleb accepts your kill.
You dice the meat berserker like an onion!!!
You cleave the meat berserker in twain.
You kill the meat berserker!
Makhleb accepts your kill.
You hear a shout! x3; You feel something staring at you.
Something smites you!
You hear a shout!
An eight-headed meat hydra comes into view.
The eight-headed meat hydra roars!
You slice the sculptor of flesh!!
You slaughter the sculptor of flesh joyfully.
You destroy the sculptor of flesh!
Makhleb accepts your kill.
You feel better.
You slice something!!
You fatally mangle something.
Makhleb accepts your kill.
You feel a bit more experienced.
A fleshlord comes into view. It is wielding a +9 great mace.
A sculptor of flesh comes into view. It is wielding a +9 great sword.
You hear a shout!
A dread comes into view.
You hear a shout!
A bag of meat comes into view. It is wielding a +9 war axe.
You hear a shout!
The destroyer casts a spell at you.
The destroyer blinks!
You hear a roar!
You hear a shout! x4
The Servant hits you from afar with a +9 glaive of flaming!!!!!
Ouch! That really hurt!
The Servant burns you!!!
* * * LOW HITPOINT WARNING * * *
You hear a shout!
The meat berserker hits you with a +9 battleaxe!!!
* * * LOW HITPOINT WARNING * * *
You have escaped! ..oW .. ... ....O #.. ..D# . #oD

.D.# . ..###Wo
...###..
.....So###O.....
.....oo@_.......
#)O)))# #_)@)_#
#V))Oo#
......O_...2p2.
.Wo...###2oop..
.###.. ...###o.
#.. ...# . #..
...# D. ..... ..
..


You could see a meat beast (fast), The Servant, 4 eight-headed meat hydras, a
destroyer, a scourge, 2 fleshlords, a hellion, 2 dreads, 5 meat berserkers and
10 bags of meat.

Vanquished Creatures
  Dispater (D)
  15 hell knights (D)
  10 hell beasts (D)
  12 royal mummies (D)
  13 great orbs of eyes (D)
  16 wraiths (D)
  16 vampire knights (D)
  43 ogres (D)
  7 two-headed ogres (D)
  12 liches (D)
  11 hydras (D)
  71 orcs (D)
  2 phantoms (D)
  12 skeletal warriors (D)
  8 sea snakes (D)
249 creatures vanquished.

Notes
Turn   | Place    | Note
-------+----------+-------------------------------------------
     0 | D        | Found the +∞ Axe of Woe
     0 | D        | Groucho the Ghoul Brigand began the quest for the Orb.
     0 | D        | Reached XP level 1. HP: 17/17 MP: 0/0
     2 | D        | Noticed a bag of meat
     2 | D        | Noticed a bag of meat
     4 | D        | Became a worshipper of Makhleb the Destroyer
     6 | D        | Killed a bag of meat
     7 | D        | Reached XP level 2. HP: 24/24 MP: 1/1
     7 | D        | Reached XP level 3. HP: 29/29 MP: 2/2
     7 | D        | Reached XP level 4. HP: 36/36 MP: 3/3
     7 | D        | Reached XP level 5. HP: 41/41 MP: 4/4
     7 | D        | Reached XP level 6. HP: 48/48 MP: 5/5
     7 | D        | Reached XP level 7. HP: 55/55 MP: 6/6
     7 | D        | Reached XP level 8. HP: 61/61 MP: 7/7
     7 | D        | Reached XP level 9. HP: 67/67 MP: 8/8
     7 | D        | Reached XP level 10. HP: 73/73 MP: 9/9
     7 | D        | Reached XP level 11. HP: 79/79 MP: 10/10
     7 | D        | Noticed a meat berserker
     8 | D        | Noticed a bag of meat
     8 | D        | Killed a bag of meat
     8 | D        | Reached * piety under Makhleb
     9 | D        | Reached XP level 12. HP: 85/85 MP: 11/11
     9 | D        | Noticed a bag of meat
    10 | D        | Noticed a meat berserker
    10 | D        | Killed a bag of meat
    11 | D        | Noticed a bag of meat
    12 | D        | Killed a meat berserker
    12 | D        | Noticed a meat berserker
    12 | D        | Noticed a bag of meat
    13 | D        | Reached XP level 13. HP: 64/91 MP: 12/12
    14 | D        | Killed a meat berserker
    14 | D        | Reached ** piety under Makhleb
    15 | D        | Reached XP level 14. HP: 99/99 MP: 13/13
    15 | D        | Killed a meat berserker
    15 | D        | Noticed a bag of meat
    16 | D        | Reached XP level 15. HP: 104/104 MP: 14/14
    18 | D        | Reached skill level 27 in Axes
    18 | D        | Reached skill level 27 in Dodging
    18 | D        | Reached *** piety under Makhleb
    19 | D        | Noticed a meat berserker
    19 | D        | Noticed a meat berserker
    20 | D        | Noticed a meat berserker
    22 | D        | Reached skill level 10 in Armour
    23 | D        | Noticed a large bag of meat
    23 | D        | Killed a meat berserker
    23 | D        | Killed a large bag of meat
    23 | D        | Reached **** piety under Makhleb
    24 | D        | Reached XP level 16. HP: 143/162 MP: 15/15
    25 | D        | Killed a meat berserker
    26 | D        | Reached XP level 17. HP: 181/181 MP: 16/16
    26 | D        | Killed a meat berserker
    26 | D        | Reached ***** piety under Makhleb
    26 | D        | Noticed a destroyer
    28 | D        | Noticed a meat berserker
    29 | D        | Noticed a destroyer
    30 | D        | Reached skill level 27 in Fighting
    30 | D        | Noticed a sculptor of flesh
    31 | D        | Noticed a destroyer
    31 | D        | Noticed a meat berserker
    32 | D        | Noticed a destroyer
    33 | D        | Killed a destroyer
    34 | D        | Reached skill level 27 in Armour
    34 | D        | Reached XP level 18. HP: 200/200 MP: 16/27
    34 | D        | Noticed a meat berserker
    35 | D        | Killed a meat berserker
    35 | D        | Reached ****** piety under Makhleb
    35 | D        | Killed a destroyer
    35 | D        | Killed a destroyer
    35 | D        | Noticed a large bag of meat
    35 | D        | Noticed a meat berserker
    35 | D        | Noticed a meat berserker
    36 | D        | Reached XP level 19. HP: 207/207 MP: 16/35
    36 | D        | Killed a meat berserker
    37 | D        | Reached skill level 27 in Unarmed Combat
    37 | D        | Reached skill level 27 in Invocations
    37 | D        | Noticed a sculptor of flesh
    39 | D        | Killed a sculptor of flesh
    39 | D        | Killed a destroyer
    40 | D        | Reached XP level 20. HP: 216/216 MP: 17/36
    40 | D        | Noticed a large bag of meat
    41 | D        | Killed a meat berserker
    42 | D        | Reached skill level 27 in Throwing
    42 | D        | Killed a meat berserker
    42 | D        | Noticed a meat berserker
    43 | D        | Killed a meat berserker
    44 | D        | Reached XP level 21. HP: 224/224 MP: 17/37
    44 | D        | Killed a large bag of meat
    44 | D        | Noticed a destroyer
    46 | D        | Noticed a destroyer
    47 | D        | Reached skill level 27 in Short Blades
    47 | D        | Noticed a meat berserker
    48 | D        | Killed a meat berserker
    49 | D        | Killed a destroyer
    49 | D        | Noticed a meat berserker
    50 | D        | Reached skill level 15 in Long Blades
    50 | D        | Reached skill level 15 in Maces & Flails
    50 | D        | Reached skill level 15 in Polearms
    50 | D        | Reached XP level 22. HP: 227/233 MP: 18/38
    51 | D        | Killed a large bag of meat
    54 | D        | Noticed an accursed
    54 | D        | Noticed a tyrant
    55 | D        | Killed a destroyer
    55 | D        | Noticed a destroyer
    56 | D        | Reached XP level 23. HP: 218/240 MP: 20/39
    58 | D        | Killed a destroyer
    60 | D        | Noticed an accursed
    61 | D        | Noticed a meat beast
    62 | D        | Reached skill level 27 in Long Blades
    62 | D        | Reached skill level 27 in Maces & Flails
    62 | D        | Reached skill level 27 in Polearms
    62 | D        | Noticed a dread
    62 | D        | Noticed an accursed
    62 | D        | Noticed a large bag of meat
    63 | D        | Killed a meat beast
    63 | D        | Noticed an accursed
    64 | D        | Reached skill level 27 in Staves
    64 | D        | Reached XP level 24. HP: 214/249 MP: 21/39
    64 | D        | Killed a tyrant
    64 | D        | Noticed a tyrant
    65 | D        | Noticed a meat beast
    67 | D        | Killed a dread
    67 | D        | Killed an accursed
    67 | D        | Noticed a dread
    68 | D        | Reached skill level 27 in Slings
    68 | D        | Reached XP level 25. HP: 250/257 MP: 22/39
    68 | D        | Noticed a dread
    69 | D        | Reached skill level 15 in Bows
    69 | D        | Reached skill level 15 in Crossbows
    69 | D        | Noticed a destroyer
    70 | D        | Killed a meat beast
    71 | D        | Reached XP level 26. HP: 266/266 MP: 23/39
    71 | D        | Killed a large bag of meat
    71 | D        | Killed a dread
    72 | D        | Reached skill level 27 in Bows
    72 | D        | Reached skill level 27 in Crossbows
    72 | D        | Noticed an accursed
    73 | D        | Killed a tyrant
    74 | D        | Killed an accursed
    74 | D        | Noticed a dread
    74 | D        | Noticed a dread
    75 | D        | Reached skill level 27 in Shields
    75 | D        | Noticed a dread
    75 | D        | Noticed a dread
    76 | D        | Killed a dread
    77 | D        | Reached skill level 27 in Evocations
    77 | D        | Reached XP level 27. HP: 160/273 MP: 24/42
    78 | D        | Killed a destroyer
    79 | D        | Killed a dread
    79 | D        | Noticed a large bag of meat
    80 | D        | Reached skill level 27 in Spellcasting
    80 | D        | Reached skill level 10 in Necromancy
    80 | D        | Reached skill level 10 in Poison Magic
    80 | D        | Noticed an accursed
    81 | D        | Killed an accursed
    82 | D        | Killed a dread
    82 | D        | Killed an accursed
    82 | D        | Noticed a meat beast
    83 | D        | Killed a dread
    83 | D        | Killed a dread
    83 | D        | Killed an accursed
    83 | D        | Noticed a meat beast
    83 | D        | Noticed a meat beast
    84 | D        | Reached skill level 27 in Necromancy
    84 | D        | Reached skill level 27 in Ice Magic
    84 | D        | Reached skill level 27 in Earth Magic
    84 | D        | Reached skill level 27 in Poison Magic
    84 | D        | Reached skill level 15 in Translocations
    84 | D        | Reached skill level 15 in Transmutations
    84 | D        | Killed a large bag of meat
    86 | D        | Killed a meat beast
    86 | D        | Killed a meat beast
    86 | D        | Noticed a large bag of meat
    86 | D        | Noticed a destroyer
    87 | D        | Reached skill level 27 in Summonings
    87 | D        | Reached skill level 27 in Translocations
    87 | D        | Reached skill level 27 in Transmutations
    87 | D        | Killed a meat beast
    88 | D        | Reached skill level 27 in Conjurations
    88 | D        | Killed an accursed
    90 | D        | Reached skill level 27 in Hexes
    90 | D        | Noticed a meat beast
    91 | D        | Noticed a large bag of meat
    92 | D        | Killed a destroyer
    92 | D        | Noticed a tyrant
    92 | D        | Noticed a tyrant
    92 | D        | Noticed a destroyer
    92 | D        | Noticed a tyrant
    93 | D        | Reached skill level 27 in Fire Magic
    93 | D        | Killed a large bag of meat
    93 | D        | Noticed a meat beast
    94 | D        | Reached skill level 27 in Air Magic
    94 | D        | Killed a meat beast
    95 | D        | Reached skill level 27 in Stealth
    95 | D        | Noticed a tyrant
    95 | D        | Noticed a dread
    96 | D        | Killed a meat beast
    97 | D        | Killed a destroyer
    98 | D        | Killed a tyrant
    98 | D        | Killed a tyrant
    98 | D        | Killed a large bag of meat
    99 | D        | Noticed an accursed
   101 | D        | Noticed a dread
   102 | D        | Killed a tyrant
   103 | D        | Killed a dread
   104 | D        | Noticed an accursed
   104 | D        | Noticed an accursed
   107 | D        | Killed a tyrant
   110 | D        | Killed a dread
   111 | D        | Killed an accursed
   113 | D        | Noticed an accursed
   114 | D        | Killed an accursed
   115 | D        | Killed an accursed
   116 | D        | Noticed a dread
   116 | D        | Noticed a destroyer
   117 | D        | Noticed a fleshlord
   117 | D        | Noticed a tyrant
   117 | D        | Noticed a tyrant
   117 | D        | Noticed a destroyer
   118 | D        | Noticed a destroyer
   119 | D        | Noticed a dread
   119 | D        | Noticed an accursed
   120 | D        | Noticed a fleshlord
   120 | D        | Killed a fleshlord
   122 | D        | Noticed a dread
   122 | D        | Noticed a fleshlord
   123 | D        | Noticed a fleshlord
   123 | D        | Killed a destroyer
   123 | D        | Killed a fleshlord
   123 | D        | Killed a destroyer
   123 | D        | Noticed a tyrant
   123 | D        | Noticed a fleshlord
   124 | D        | Killed a tyrant
   124 | D        | Noticed a fleshlord
   124 | D        | Noticed an accursed
   125 | D        | Noticed a tyrant
   126 | D        | Killed an accursed
   126 | D        | Killed a destroyer
   126 | D        | Killed a dread
   126 | D        | Killed a fleshlord
   127 | D        | Noticed a fleshlord
   128 | D        | Killed a dread
   128 | D        | Noticed a dread
   129 | D        | Noticed a tyrant
   130 | D        | Killed a tyrant
   130 | D        | Killed an accursed
   130 | D        | Killed a fleshlord
   132 | D        | Killed a fleshlord
   133 | D        | Noticed a fleshlord
   134 | D        | Killed a tyrant
   135 | D        | Killed a tyrant
   135 | D        | Killed a fleshlord
   136 | D        | Killed a fleshlord
   137 | D        | Noticed a dread
   137 | D        | HP: 5/273 [accursed/divine providence (16)]
   138 | D        | Killed a dread
   139 | D        | Noticed a meat beast
   140 | D        | Noticed a fleshlord
   140 | D        | Noticed a fleshlord
   141 | D        | Noticed a dread
   142 | D        | Killed an accursed
   142 | D        | Killed a dread
   143 | D        | Killed a meat beast
   143 | D        | Noticed a meat beast
   143 | D        | Noticed a fleshlord
   144 | D        | Noticed a fleshlord
   144 | D        | Killed a dread
   144 | D        | Noticed a fleshlord
   145 | D        | Killed a fleshlord
   145 | D        | Killed a fleshlord
   146 | D        | Noticed The Meatlord
   146 | D        | Noticed a meat beast
   147 | D        | Killed a tyrant
   147 | D        | Noticed a fleshlord
   147 | D        | Noticed a destroyer
   148 | D        | Killed a meat beast
   148 | D        | Noticed a tyrant
   149 | D        | Killed The Meatlord
   149 | D        | Noticed The Servant
   150 | D        | Noticed a fleshlord
   151 | D        | Killed a fleshlord
   152 | D        | Killed a meat beast
   152 | D        | Killed a destroyer
   153 | D        | Killed a fleshlord
   154 | D        | Noticed a dread
   155 | D        | Killed a fleshlord
   155 | D        | Killed a fleshlord
   156 | D        | Killed a dread
   157 | D        | Noticed a dread
   157 | D        | Killed a fleshlord
   159 | D        | Got the Orb of Zot
   159 | D        | Noticed a destroyer
   159 | D        | Noticed a dread
   160 | D        | Noticed a destroyer
   162 | D        | Noticed a destroyer
   162 | D        | Killed a tyrant
   163 | D        | Killed a fleshlord
   163 | D        | Killed a dread
   163 | D        | Noticed a meat beast
   164 | D        | Killed a destroyer
   164 | D        | Killed a destroyer
   165 | D        | Noticed a fleshlord
   165 | D        | Noticed a dread
   166 | D        | Noticed a fleshlord
   167 | D        | Escaped with the Orb!

Illustrated notes

Levels and vault maps discovered:
D:        meatsprint

Skill      XL: |  1  2  3  4  5  6  7  8  9 10 11 12 13 14 15 16 17 18 19 20 21 22 23 24 25 26 27 |
---------------+----------------------------------------------------------------------------------+-----
Axes           | 16 19 23 25 26 27 | 27.0
Dodging        | 16 19 23 25 26 27 | 27.0
Fighting       | 20 23 27 | 27.0
Armour         | 17 20 27 | 27.0
Unarmed Combat | 14 26 27 | 27.0
Invocations    | 14 26 27 | 27.0
Throwing       | 23 27 | 27.0
Short Blades   | 22 27 | 27.0
Long Blades    | 15 24 27 | 27.0
Maces & Flails | 15 24 27 | 27.0
Polearms       | 15 24 27 | 27.0
Staves         | 27 | 27.0
Slings         | 11 27 | 27.0
Bows           | 13 25 27 | 27.0
Crossbows      | 13 25 27 | 27.0
Shields        | 27 | 27.0
Evocations     | 27 | 27.0
Spellcasting   | 16 27 | 27.0
Necromancy     | 27 | 27.0
Ice Magic      | 27 | 27.0
Earth Magic    | 27 | 27.0
Poison Magic   | 27 | 27.0
Summonings     | 27 | 27.0
Translocations | 27 | 27.0
Transmutations | 27 | 27.0
Conjurations   | 27 | 27.0
Hexes          | 27 | 27.0
Fire Magic     | 27 | 27.0
Air Magic      | 27 | 27.0
Stealth        | 27 | 27.0

Action                   |  1- 3 |  4- 6 |  7- 9 | 10-12 | 13-15 | 16-18 | 19-21 | 22-24 | 25-27 || total
-------------------------+-------+-------+-------+-------+-------+-------+-------+-------+-------++-------
Melee: Executioner's axe |     1 |       |       |     3 |     6 |     7 |    10 |    11 |    85 ||   123
  Use: Potion            |       |       |       |       |       |       |       |       |     2 ||     2
Dodge: Dodged            |       |       |       |       |       |       |       |       |    14 ||    14
